[Event "Late-Titled-Tuesday-Blitz-September-05-2023"]
[Site "Chess.com"]
[Date "2023.09.05"]
[Round "3"]
[White "Willychess95"]
[Black "IM_Tissir"]
[Result "1-0"]
[WhiteElo "2694"]
[BlackElo "2469"]
[TimeControl "180+1"]
[EndTime "14:27:52 PDT"]
[Termination "Willychess95 won by resignation"]

1. e4 c5 2. Nf3 e6 3. g3 Nf6 4. Qe2 Nc6 5. Bg2 d6 6. O-O Be7 7. c3 O-O 8. d4 e5 9. dxc5 dxc5 10. Rd1 Qc7 11. h3 Rd8 12. Rxd8+ Qxd8 13. Bg5 h6 14. Bxf6 Bxf6 15. Nbd2 Be6 16. Nf1 c4 17. Ne3 b5 18.
Rd1 Qa5 19. a3 Rd8 20. Nd5 Rd7 21. Nxf6+ gxf6 22. Rxd7 Bxd7 23. Qd2 Be6 24. Qxh6 Qd8 25. Qd2 Qe7 26. Kh2 a5 27. h4 b4 28. axb4 axb4 29.
Bh3 bxc3 30. bxc3 Qc5 31. Bxe6 fxe6 32. Kg2 Qe7 33. Qe2 Na5 34. h5 Kg7 35. Nh4 Kf7 36. Qg4 Qb7 37. Qg6+ Ke7 38. Qg7+ Kd6 39. Qxb7 Nxb7 40.
h6 1-0

[Event "Late-Titled-Tuesday-Blitz-September-05-2023"]
[Site "Chess.com"]
[Date "2023.09.05"]
[Round "3"]
[White "hammahamma"]
[Black "NelsonLinda"]
[Result "0-1"]
[WhiteElo "2273"]
[BlackElo "2478"]
[TimeControl "180+1"]
[EndTime "14:27:52 PDT"]
[Termination "NelsonLinda won on time"]

1. e4 g6 2. d4 c6 3. Nc3 d5 4. exd5 cxd5 5. Bd3 Nc6 6. Nge2 Bg7 7. Be3 Nf6 8. O-O O-O 9. a3 Ng4 10. b4 Nxe3 11. fxe3 a6 12. Na4 e5 13. c3 Qg5 14.
Qc1 Bh6 15. Nb6 Qxe3+ 16. Qxe3 Bxe3+ 17. Kh1 Rb8 18. Nxd5 exd4 19. cxd4 Bxd4 20. Nxd4 Nxd4 21. Nf6+ Kg7 22. Rf2 Be6 23. Raf1 Rbd8 24. h3 Nb5 25. Be4 b6 26. a4 Nc3 27. Bc6 Rd6 28. b5 axb5 29. axb5 Na4 30. Ne4 Rd4 31. Ng5 Bc4 0-1

[Event "Late-Titled-Tuesday-Blitz-September-05-2023"]
[Site "Chess.com"]
[Date "2023.09.05"]
[Round "3"]
[White "Attacker_2006"]
[Black "sebastianmarinp"]
[Result "1-0"]
[WhiteElo "2581"]
[BlackElo "2402"]
[TimeControl "180+1"]
[EndTime "14:27:53 PDT"]
[Termination "Attacker_2006 won by resignation"]

1. d4 d5 2. Nf3 Nf6 3. Bf4 c5 4. e3 Nc6 5. Nbd2 cxd4 6. exd4 Bf5 7. Bb5 Bd7 8. O-O e6 9. c4 Be7 10. cxd5 Nxd5 11. Bg3 O-O 12. Nc4 a6 13. Bxc6 Bxc6 14.
Nfe5 Be8 15. Rc1 Bf6 16. Re1 Ne7 17. Qf3 Nc6 18. Ng4 Nxd4 19. Nxf6+ Qxf6 20. Qxf6 gxf6 21. Bd6 Bc6 22. Bxf8 Kxf8 23. Rcd1 Nf5 24. Nb6 Re8 25. Rd3 Ke7 26. g3 Rg8 27. f3 h5 28. Kf2 Nd6 29. Nd5+ Bxd5 30. Rxd5 h4 31. g4 Rc8 32. Rh5 Rc2+ 33. Re2 Rc1 34. Rxh4 Nb5 35. Rh8 Nd4 36.
Rd2 e5 37. h4 Rh1 38. Kg2 Ra1 39. h5 f5 40. g5 Ne6 41. h6 Nxg5 42. h7 Kf6 43.
Rd6+ Kg7 44. Rg8+ Kxh7 45. Rxg5 Rxa2 46. Rxf5 Rxb2+ 47. Kg3 e4 48. Rxf7+ 1-0

[Event "Late-Titled-Tuesday-Blitz-September-05-2023"]
[Site "Chess.com"]
[Date "2023.09.05"]
[Round "3"]
[White "miraitrunks"]
[Black "Iball95"]
[Result "0-1"]
[WhiteElo "2079"]
[BlackElo "2812"]
[TimeControl "180+1"]
[EndTime "14:27:54 PDT"]
[Termination "Iball95 won by resignation"]

1. e4 c5 2. Nc3 e6 3. Nge2 Nc6 4. g3 d5 5. exd5 exd5 6. d4 Nf6 7.
Bg2 cxd4 8. Nxd4 Bg4 9. Qd3 Bc5 10. Nxc6 bxc6 11. O-O O-O 12. h3 Bh5 13. Bg5 h6 14.
Bf4 Re8 15. Rfe1 Qb6 16. Na4 Bxf2+ 17. Kf1 Qb4 18. Kxf2 Qxa4 19. Be5 Bg6 20. Qc3 Re6 21. b3 Qb5 22. a4 Qb6+ 23. Bd4 c5 24. Qxc5 Qxc5 25. Bxc5 Bxc2 26. b4 Be4 27. Bd4 a6 28.
Kg1 Rb8 29. Bc5 Nd7 30. Bf1 Rc6 31. Be7 Re6 32. Bc5 Ne5 33. Kf2 Rf6+ 34. Ke3 Rf3+ 35.
Kd2 a5 36. Bd6 Rf2+ 37. Re2 Nc4+ 38. Kd1 Rxe2 39. Bxe2 Nxd6 0-1

[Event "Late-Titled-Tuesday-Blitz-September-05-2023"]
[Site "Chess.com"]
[Date "2023.09.05"]
[Round "3"]
[White "tptagain"]
[Black "Boorchess"]
[Result "1-0"]
[WhiteElo "2983"]
[BlackElo "2568"]
[TimeControl "180+1"]
[EndTime "14:27:55 PDT"]
[Termination "tptagain won by resignation"]

1. Nf3 e6 2. b3 b6 3. Bb2 Bb7 4. g3 Nf6 5. Bg2 g6 6. O-O Bg7 7. c4 O-O 8. d3 d5 9. cxd5 Bxd5 10. Nc3 Bb7 11. d4 Ne4 12. Qc2 Nxc3 13. Bxc3 Nd7 14. Rfd1 Qe7 15. b4 Nf6 16. a3 Be4 17. Qd2 c6 18.
Rac1 Rac8 19. Bb2 Rfd8 20. Qf4 h6 21. h4 Bd5 22. g4 Ne4 23. Ne5 g5 24. hxg5 hxg5 25.
Qe3 f5 26. Qh3 Bxe5 27. dxe5 Bb3 28. Qxb3 1-0

[Event "Late-Titled-Tuesday-Blitz-September-05-2023"]
[Site "Chess.com"]
[Date "2023.09.05"]
[Round "3"]
[White "pouya21"]
[Black "HajiyevKanan"]
[Result "1-0"]
[WhiteElo "2799"]
[BlackElo "2491"]
[TimeControl "180+1"]
[EndTime "14:27:55 PDT"]
[Termination "pouya21 won by resignation"]

1. d4 Nf6 2. c4 e6 3. g3 d5 4. Bg2 Bb4+ 5. Bd2 Qe7 6. Nf3 O-O 7. Qc2 Ne4 8. Bxb4 Qxb4+ 9. Nfd2 Nxd2 10. Nxd2 Nd7 11.
O-O c6 12. a3 Qb6 13. e3 a5 14. b3 Nf6 15. c5 Qc7 16. f4 Ng4 17. Qc3 f6 18. h3 Nh6 19. e4 Bd7 20. b4 b5 21.
cxb6 Qxb6 22. Nb3 axb4 23. axb4 Rxa1 24. Rxa1 Rb8 25. Nc5 Bc8 26. g4 Nf7 27. e5 fxe5 28.
fxe5 h6 29. h4 Kh7 30. Bf1 Kg8 31. Bd3 Kf8 32. Rf1 Kg8 33. Bg6 Nh8 34. Qd3 Nxg6 35.
Qxg6 Qd8 36. Rf7 1-0

[Event "Late-Titled-Tuesday-Blitz-September-05-2023"]
[Site "Chess.com"]
[Date "2023.09.05"]
[Round "3"]
[White "geordie_derraugh"]
[Black "hurricane7791"]
[Result "0-1"]
[WhiteElo "2462"]
[BlackElo "2720"]
[TimeControl "180+1"]
[EndTime "14:27:56 PDT"]
[Termination "hurricane7791 won on time"]

1. e4 c5 2. Nf3 d6 3. Bb5+ Nd7 4. d4 cxd4 5. Qxd4 a6 6. Bxd7+ Qxd7 7. c4 e5 8. Qd3 f5 9. exf5 Qxf5 10. Qxf5 Bxf5 11.
Be3 Rc8 12. Nbd2 Nf6 13. Ke2 h6 14. Rac1 Kf7 15. Rhd1 Be7 16. b4 Rhe8 17. c5 e4 18.
Nd4 Bg4+ 19. f3 exf3+ 20. gxf3 Bd7 21. N4b3 dxc5 22. bxc5 Bb5+ 23. Kf2 Nd5 24. Bd4 Bh4+ 25. Kg1 Nf4 26. Ne4 Rxe4 27. fxe4 Ne2+ 28. Kg2 Nxc1 29. Rxc1 Bc6 30. Kf3 Re8 31. Nd2 Bg5 32. Rd1 Bxd2 33. Rxd2 Rxe4 34. Kg3 g5 35. Bf2 Kg6 36. Rd6+ Kh5 37. Bd4 Rg4+ 38. Kf2 Rg2+ 39. Kf1 Rxh2 40. Kg1 Rg2+ 41. Kf1 Rxa2 42. Bg7 Kg4 43. Bxh6 Be4 44.
Rd4 Kf3 45. Ke1 g4 46. Rd8 Re2+ 47. Kd1 Bf5 48. Rf8 Re5 49. Rg8 g3 50. Bg7 Rd5+ 51. Ke1 g2 52. Bh6 Re5+ 53. Kd2 Re2+ 0-1

[Event "Late-Titled-Tuesday-Blitz-September-05-2023"]
[Site "Chess.com"]
[Date "2023.09.05"]
[Round "3"]
[White "JaloliddinIlkhomi"]
[Black "Smiechu"]
[Result "0-1"]
[WhiteElo "2565"]
[BlackElo "2423"]
[TimeControl "180+1"]
[EndTime "14:27:56 PDT"]
[Termination "Smiechu won by resignation"]

1. Nf3 Nf6 2. c4 c5 3. g3 Nc6 4. Bg2 g6 5. O-O Bg7 6. Nc3 O-O 7. d4 cxd4 8. Nxd4 d6 9. e4 Nxe4 10. Nxc6 Nxc3 11. Nxd8 Nxd1 12. Nxb7 Bxb7 13. Bxb7 Rab8 14. Rxd1 Rxb7 15. Rb1 Rc8 16. b3 Rxc4 17. Bg5 Rc2 18. Rbc1 Rxc1 19. Rxc1 h6 20. Rc8+ Kh7 21. Be3 d5 22.
Bc5 Rd7 23. Ra8 d4 24. Rxa7 Rd5 25. Bb4 d3 26. Rxe7 d2 27. Bxd2 Rxd2 28. Rxf7 Rxa2 29. h4 Rb2 30. Rb7 Kg8 31. Rb8+ Kf7 32. Rb7+ Kf6 33. Rb6+ Kf5 34. Rb5+ Kg4 35. Rb4+ Kf5 36. Rb5+ Ke4 37. Rb6 Bd4 38. Rxg6 Rxf2 39. Kh1 Be3 40. b4 Rb2 41. Re6+ Kf3 42. g4 Rxb4 43. Rf6+ Kg3 44. h5 Rb1+ 0-1

[Event "Late-Titled-Tuesday-Blitz-September-05-2023"]
[Site "Chess.com"]
[Date "2023.09.05"]
[Round "3"]
[White "MeisterJabo"]
[Black "santosalberto1987"]
[Result "1-0"]
[WhiteElo "2313"]
[BlackElo "2533"]
[TimeControl "180+1"]
[EndTime "14:27:56 PDT"]
[Termination "MeisterJabo won by checkmate"]

1. d4 d5 2. c4 c6 3. Nc3 Nf6 4. Nf3 dxc4 5. e4 b5 6. e5 Nd5 7. Be2 Bf5 8. O-O e6 9. a4 Nd7 10. axb5 Nxc3 11. bxc3 cxb5 12. d5 Bc5 13. Nd4 Bxd4 14. Qxd4 O-O 15. Ba3 Re8 16. Bf3 Rb8 17. Bd6 Rc8 18. Rxa7 exd5 19. Qxd5 Qb6 20. Rb7 Qa5 21.
Qxb5 Qxb5 22. Rxb5 Bd3 23. Ra1 Nf8 24. g3 Ng6 25. Bb7 Rcd8 26. f4 h5 27. Bc6 Re6 28. Bd5 Ree8 29. Ra7 Nh8 30. Rbb7 Bg6 31. f5 Bxf5 32. Bxf7+ Nxf7 33. Rxf7 Be6 34. Rxg7+ Kh8 35. Rh7+ Kg8 36. Rag7# 1-0

[Event "Late-Titled-Tuesday-Blitz-September-05-2023"]
[Site "Chess.com"]
[Date "2023.09.05"]
[Round "3"]
[White "copanchess"]
[Black "thedjoker98"]
[Result "0-1"]
[WhiteElo "2173"]
[BlackElo "2633"]
[TimeControl "180+1"]
[EndTime "14:27:57 PDT"]
[Termination "thedjoker98 won on time"]

1. e4 e5 2. Nf3 Nc6 3. Bc4 Bc5 4. c3 Nf6 5. d3 O-O 6. O-O d5 7. exd5 Nxd5 8. Re1 Bg4 9. h3 Bh5 10. g4 Bg6 11.
Nxe5 Nxe5 12. Rxe5 c6 13. d4 Bd6 14. Re1 Qh4 15. Qf3 h5 16. Bf1 Rfe8 17. Be3 Be4 18.
Bg5 Bxf3 19. Rxe8+ Rxe8 20. Bxh4 Re1 21. Nd2 Rxa1 22.
Nxf3 hxg4 23. hxg4 Rxa2 24. c4 Nf4 25. b3 Rb2 26.
Ng5 Rxb3 27. Ne4 Bf8 28. c5 Nd5 29. Bc4 Rb4 30. Ba2 Rxd4 31. Nd6 Rxg4+ 32. Bg3 b6 33. Bxd5 cxd5 34. cxb6 axb6 35. Nf5 d4 36. Kf1 d3 37. Ke1 Bb4+ 38. Kd1 d2 39. Ne3 Rg6 40. Nc2 Ba5 41. Nd4 Rh6 0-1

[Event "Late-Titled-Tuesday-Blitz-September-05-2023"]
[Site "Chess.com"]
[Date "2023.09.05"]
[Round "3"]
[White "adiosabu"]
[Black "IMGC"]
[Result "0-1"]
[WhiteElo "2555"]
[BlackElo "2414"]
[TimeControl "180+1"]
[EndTime "14:27:57 PDT"]
[Termination "IMGC won by resignation"]

1. d4 Nf6 2. Nf3 c5 3. d5 b5 4. a4 b4 5. c4 d6 6. b3 g6 7. a5 Bg7 8. Bb2 O-O 9. Nbd2 e5 10.
dxe6 Bxe6 11. e4 Nc6 12. a6 Ng4 13. Qb1 Bxb2 14. Qxb2 Nge5 15. Nxe5 dxe5 16. Nf3 Qf6 17. h3 Rad8 18. Be2 Nd4 19. O-O-O Rd6 20. Nxd4 exd4 21. Bd3 Rxa6 22. g3 Ra3 23. f4 a5 24. e5 Qe7 25.
g4 a4 26. Bc2 axb3 27. Bxb3 Bxc4 28. Bxc4 Rc3+ 29. Qxc3 bxc3 30. Kc2 Rb8 31. Kd3 Qb7 32. Rhf1 Qg2 33. e6 Qg3+ 34. Ke4 Qe3+ 0-1

[Event "Late-Titled-Tuesday-Blitz-September-05-2023"]
[Site "Chess.com"]
[Date "2023.09.05"]
[Round "3"]
[White "MFatigue"]
[Black "Cayse"]
[Result "1-0"]
[WhiteElo "2517"]
[BlackElo "2858"]
[TimeControl "180+1"]
[EndTime "14:27:59 PDT"]
[Termination "MFatigue won on time"]

1. e4 e5 2. Nf3 Nc6 3. d4 exd4 4. Bc4 Nf6 5. O-O Bc5 6. e5 d5 7. exf6 dxc4 8. fxg7 Rg8 9. Bg5 Qd5 10. Re1+ Be6 11.
Nc3 Qf5 12. Ne4 Be7 13. Bxe7 Kxe7 14. Nxd4 Qd5 15. Nxc6+ bxc6 16. Qf3 Qf5 17. Qa3+ c5 18. Nxc5 Kf6 19. Qc3+ Kg6 20. Re5 Qf6 21. Ne4 Qf4 22. Rg5+ 1-0

[Event "Late-Titled-Tuesday-Blitz-September-05-2023"]
[Site "Chess.com"]
[Date "2023.09.05"]
[Round "3"]
[White "SilverCityIndigo"]
[Black "pooh2012"]
[Result "1-0"]
[WhiteElo "2313"]
[BlackElo "2510"]
[TimeControl "180+1"]
[EndTime "14:27:59 PDT"]
[Termination "SilverCityIndigo won by checkmate"]

1. d4 e6 2. c4 Ne7 3. Nc3 a6 4. g3 d5 5. cxd5 Nxd5 6. Bg2 Be7 7. Nf3 O-O 8. O-O Nxc3 9. bxc3 c5 10. Qc2 Nc6 11. Rd1 Qa5 12. Ng5 Bxg5 13. Bxg5 cxd4 14. Bxc6 Qxg5 15. Be4 dxc3 16. Bxh7+ Kh8 17. Be4 f5 18. Bf3 e5 19. Qxc3 e4 20. Bg2 Be6 21. Rd6 Rac8 22. Qb2 Bc4 23. h4 Qh5 24. Rd7 Rg8 25. Rad1 b5 26.
R1d6 Kh7 27. Bh3 Bxe2 28. Qxe2 Rc1+ 29. Kh2 Qxe2 30. Bxf5+ Kh8 31. Rh6+ gxh6 32. Rh7# 1-0

[Event "Late-Titled-Tuesday-Blitz-September-05-2023"]
[Site "Chess.com"]
[Date "2023.09.05"]
[Round "3"]
[White "NowInChess"]
[Black "BigAl"]
[Result "0-1"]
[WhiteElo "2284"]
[BlackElo "2525"]
[TimeControl "180+1"]
[EndTime "14:28:00 PDT"]
[Termination "BigAl won on time"]

1. e4 c6 2. d4 d5 3. exd5 cxd5 4.
c4 Nf6 5. Nc3 g6 6. Qb3 Bg7 7.
cxd5 O-O 8. Be2 Nbd7 9. Bf3 Nb6 10. Nge2 a5 11. a4 Qd6 12. Bf4 Qb4 13. Qa2 Bf5 14.
O-O Rac8 15. Be5 Bd3 16. Rfe1 Bc4 17. Qa3 Nbxd5 18. Qxb4 axb4 19. Nxd5 Nxd5 20. Bxg7 Kxg7 21. Bxd5 Bxd5 22. Nf4 e6 23. Nxd5 exd5 24. Re7 Rc4 25. Rxb7 Rxd4 26. a5 Ra8 27. g3 Rc4 28. a6 d4 29. a7 d3 30. Rb8 d2 31. Rxa8 Rc1+ 32. Kg2 d1=Q 33. Rxc1 Qd5+ 34. f3 Qxa8 35. Rc7 Kf6 36.
Kf2 Ke6 37. Kg2 h5 38. h4 b3 39. Kf2 f6 40. Ke3 Qd5 41. Kf2 Qd2+ 42. Kf1 Qa5 43.
Rb7 Qa6+ 0-1

[Event "Late-Titled-Tuesday-Blitz-September-05-2023"]
[Site "Chess.com"]
[Date "2023.09.05"]
[Round "3"]
[White "cassoulet"]
[Black "FabianoCaruana"]
[Result "0-1"]
[WhiteElo "2760"]
[BlackElo "3068"]
[TimeControl "180+1"]
[EndTime "14:28:01 PDT"]
[Termination "FabianoCaruana won by resignation"]

1. d4 Nf6 2. Bg5 Nc6 3. Nc3 d5 4. e3 Bf5 5. Bd3 Bg6 6. Nge2 e6 7. Nf4 Be7 8. Nxg6 hxg6 9. Qf3 Nb4 10. O-O-O Nxd3+ 11.
Rxd3 c6 12. Kb1 a5 13. h3 a4 14. Bxf6 gxf6 15. e4 Kf8 16. e5 fxe5 17. dxe5 b5 18. Ne2 Kg7 19. Qg4 Rh5 20. f4 c5 21. Ng3 Rh4 22. Qf3 d4 23. Ne4 Qd5 24. g3 Rhh8 25. g4 c4 26. Rdd1 a3 27. b3 cxb3 28. cxb3 Rac8 29.
Rhe1 Bb4 30. Re2 Rc3 31. Rd3 Rc6 32. f5 Rhc8 33. Rd1 exf5 34. gxf5 d3 35. Rg2 d2 36. Rgg1 Qxe5 37. f6+ Kf8 0-1

[Event "Late-Titled-Tuesday-Blitz-September-05-2023"]
[Site "Chess.com"]
[Date "2023.09.05"]
[Round "3"]
[White "Fleetw00dMac"]
[Black "NeverW84M8"]
[Result "0-1"]
[WhiteElo "2455"]
[BlackElo "2643"]
[TimeControl "180+1"]
[EndTime "14:28:01 PDT"]
[Termination "NeverW84M8 won by resignation"]

1. d4 d5 2. c4 e6 3. Nc3 Nf6 4.
cxd5 Nxd5 5. e4 Nxc3 6. bxc3 c5 7. Rb1 Be7 8. Nf3 O-O 9. Bc4 Qc7 10. Qe2 b6 11. O-O Nd7 12. Rd1 cxd4 13. cxd4 Bb7 14.
Bd3 Rac8 15. Bd2 Rfd8 16. a4 Nf8 17. a5 bxa5 18. Rdc1 Qd7 19. Bxa5 Rxc1+ 20. Rxc1 Rc8 21.
Rb1 Ng6 22. g3 Qc6 23. Bd2 Ba3 24. h4 f6 25. Rb3 Be7 26. Rc3 Qd7 27. Rxc8+ Qxc8 28.
h5 Nf8 29. Bf4 Qc3 30. Bb8 a5 31. Bf4 a4 32. Bd2 Qb2 33. Bc4 a3 34. Be1 Qxe2 0-1

[Event "Late-Titled-Tuesday-Blitz-September-05-2023"]
[Site "Chess.com"]
[Date "2023.09.05"]
[Round "3"]
[White "zozik"]
[Black "reevecanada"]
[Result "1-0"]
[WhiteElo "2384"]
[BlackElo "2535"]
[TimeControl "180+1"]
[EndTime "14:28:04 PDT"]
[Termination "zozik won by checkmate"]

1. d4 Nf6 2. Nf3 d5 3. c4 c6 4.
g3 dxc4 5. Bg2 b5 6. Ne5 Bb7 7. a4 a6 8. b3 cxb3 9. O-O e6 10.
Bb2 Nfd7 11. Nd3 Nb6 12. axb5 axb5 13. Rxa8 Bxa8 14. Qxb3 Nc4 15. Bc1 Nd7 16. Nc3 Ndb6 17. e3 Bd6 18. Ne4 O-O 19. Ndc5 Qe7 20. Rd1 e5 21. Nxd6 Qxd6 22. Ne4 Qe7 23. dxe5 Qxe5 24. Nc3 Qe7 25. e4 Rd8 26. Bf4 h6 27. h4 Rd7 28.
Rxd7 Qxd7 29. e5 Bb7 30. Ne4 Na4 31. Nd6 Nxd6 32. exd6 c5 33. Bxb7 Qxb7 34. Qd1 Qd7 35. Qd5 c4 36. Qa8+ Kh7 37. Qe4+ f5 38. Qe7 Nc5 39.
Be5 b4 40. Bxg7 Qe6 41. Bd4+ Kg6 42. Bxc5 Qd5 43. d7 Qd1+ 44. Kh2 f4 45. Qe8+ Kh7 46. Qf7+ Kh8 47. Qf6+ Kh7 48. d8=Q fxg3+ 49. fxg3 Qe2+ 50. Kh3 Qe5 51. Qdh8# 1-0

[Event "Late-Titled-Tuesday-Blitz-September-05-2023"]
[Site "Chess.com"]
[Date "2023.09.05"]
[Round "3"]
[White "AsaHoffmann"]
[Black "Druid24"]
[Result "0-1"]
[WhiteElo "2368"]
[BlackElo "2668"]
[TimeControl "180+1"]
[EndTime "14:28:04 PDT"]
[Termination "Druid24 won on time"]

1. d4 d5 2. Bg5 h6 3. Bh4 Nd7 4. c4 dxc4 5. Nc3 Nb6 6. e4 Nf6 7. a4 a5 8. f3 g5 9. Bf2 Bg7 10.
d5 e6 11. dxe6 Bxe6 12. Qxd8+ Rxd8 13. Nb5 Kd7 14. Ne2 Kc8 15. Ned4 Bf8 16. Nxe6 Bb4+ 17. Nc3 fxe6 18. Bxb6 cxb6 19. Bxc4 Kd7 20. Ke2 Ke7 21.
Rac1 Nd7 22. Rhd1 Ne5 23. Bb5 Rxd1 24. Rxd1 Bxc3 25. bxc3 Rc8 26. Rc1 h5 27. g3 Nc4 28.
Kd3 Nd6 29. Rb1 Rc5 30. f4 h4 31. c4 gxf4 32. gxf4 h3 33. Rg1 Rh5 34. Ke3 Rh4 35.
Kf3 Kf7 36. Rg3 e5 37. fxe5 Nxe4 38. Rg4 Nd2+ 39. Kg3 Rh5 40. Rd4 Nf1+ 41. Kg4 Rxe5 42. Rf4+ Kg6 43. Rxf1 Re3 44. Rf3 Re4+ 45. Kxh3 Kg5 46.
Kg3 Re1 47. h4+ Kg6 48. h5+ Kxh5 49. Rf6 Re3+ 50. Kf4 Re7 51. Rxb6 Rf7+ 52. Ke5 Kg5 53. c5 Rd7 54. c6 bxc6 55. Rxc6 Ra7 56. Ra6 Re7+ 57.
Kd6 Kf6 0-1

[Event "Late-Titled-Tuesday-Blitz-September-05-2023"]
[Site "Chess.com"]
[Date "2023.09.05"]
[Round "3"]
[White "IngOscarArdila"]
[Black "olakenn"]
[Result "1-0"]
[WhiteElo "2401"]
[BlackElo "1846"]
[TimeControl "180+1"]
[EndTime "14:28:05 PDT"]
[Termination "IngOscarArdila won by resignation"]

1. d4 Nf6 2. c4 g6 3. Nc3 d5 4. Nf3 Bg7 5. e3 c6 6. Be2 dxc4 7. Bxc4 O-O 8. O-O Nbd7 9. h3 b5 10. Bb3 Nb6 11. Qe2 a5 12. a4 b4 13. Nb1 Ba6 14. Qd1 Bxf1 15. Qxf1 Nbd5 16. Ne5 Qb6 17. Qc4 Qa6 18.
Qc2 Rac8 19. e4 Nb6 20. Be3 Nbd7 21. Bc4 Qb7 22. Qb3 Nxe5 23. dxe5 Nd7 24. e6 Kh8 25.
exd7 Qxd7 26. Nd2 Rcd8 27. Bxf7 e5 28. Bc4 h6 29. Be2 Rf6 30. Nc4 Qe7 31. Rd1 Rxd1+ 32.
Qxd1 Kh7 33. Nxa5 Rd6 34. Qc2 Qd8 35. Nc4 Rd7 36. a5 h5 37. a6 Bh6 38. Bb6 1-0

[Event "Late-Titled-Tuesday-Blitz-September-05-2023"]
[Site "Chess.com"]
[Date "2023.09.05"]
[Round "3"]
[White "Perdomov"]
[Black "Dr_crypt"]
[Result "0-1"]
[WhiteElo "2164"]
[BlackElo "2367"]
[TimeControl "180+1"]
[EndTime "14:28:06 PDT"]
[Termination "Dr_crypt won on time"]

1. d4 Nf6 2. e3 d6 3. Bd3 g6 4. c4 Bg7 5. Nc3 O-O 6. f4 e5 7. fxe5 dxe5 8. Nf3 Re8 9. Nxe5 c5 10. Nd5 cxd4 11.
O-O Rxe5 12. exd4 Re6 13. Bg5 Nbd7 14. Qf3 h6 15. Bh4 g5 16. Bg3 Nxd5 17. Qxf7+ Kh8 18. cxd5 Rf6 19. Rxf6 Qxf6 20. Qe8+ Qf8 21. Qg6 Bxd4+ 22. Kh1 Qg7 23. Qe8+ Qg8 24. Qe4 Bg7 25. Rc1 Nf6 26.
Qe7 Nxd5 27. Qd6 Be6 28. Re1 Bf7 0-1

[Event "Late-Titled-Tuesday-Blitz-September-05-2023"]
[Site "Chess.com"]
[Date "2023.09.05"]
[Round "3"]
[White "AndreiITrifan"]
[Black "Casper"]
[Result "1-0"]
[WhiteElo "2625"]
[BlackElo "2450"]
[TimeControl "180+1"]
[EndTime "14:28:07 PDT"]
[Termination "AndreiITrifan won by resignation"]

1. e4 c5 2. Nf3 d6 3. Bc4 g6 4. c3 Bg7 5. O-O a6 6. a4 Nf6 7.
Re1 O-O 8. h3 e5 9. d3 Be6 10.
Nbd2 Nbd7 11. Qb3 Bxc4 12. Nxc4 Qc7 13. a5 h6 14. Bd2 Kh7 15. Rad1 Rae8 16. Nh2 d5 17. exd5 Nxd5 18. Nf3 f5 19. Bc1 e4 20. dxe4 fxe4 21. Rxd5 exf3 22. Red1 Nf6 23. Rd6 Ne4 24.
Rd7 Qc6 25. Qxb7 Qf6 26. Rxg7+ Qxg7 27. Rd7 Rg8 28. Be3 fxg2 29. Kxg2 Nf6 30. Rxg7+ Rxg7 31. Qxa6 1-0

[Event "Late-Titled-Tuesday-Blitz-September-05-2023"]
[Site "Chess.com"]
[Date "2023.09.05"]
[Round "3"]
[White "CFalcons8"]
[Black "cthake"]
[Result "1-0"]
[WhiteElo "2312"]
[BlackElo "1872"]
[TimeControl "180+1"]
[EndTime "14:28:07 PDT"]
[Termination "CFalcons8 won on time"]

1. e4 c5 2. Nf3 Nc6 3. d4 cxd4 4.
Nxd4 Nf6 5. Nc3 e5 6. Ndb5 d6 7. Bg5 a6 8. Na3 b5 9. Nd5 Be7 10. Bxf6 Bxf6 11. c4 b4 12. Nc2 a5 13. g3 Bg5 14.
Bg2 O-O 15. O-O Rb8 16. b3 Ne7 17. Nce3 Nxd5 18. Nxd5 Be6 19. f4 Bh6 20. Qd3 f5 21. fxe5 fxe4 22. Bxe4 Bxd5 23. Qxd5+ Kh8 24. exd6 Be3+ 25.
Kh1 Qg5 26. Qxg5 Bxg5 27. Rxf8+ Rxf8 28. d7 Rd8 29. Bc6 Kg8 30. Re1 Kf7 31. Re8 Be7 32.
Kg2 h6 33. Kf3 Ke6 34. Ke4 Kd6 35. Ba4 g6 36. c5+ Ke6 37. c6 Kd6 38. c7 1-0

[Event "Late-Titled-Tuesday-Blitz-September-05-2023"]
[Site "Chess.com"]
[Date "2023.09.05"]
[Round "3"]
[White "Gogolev_Artemy"]
[Black "Leo_C"]
[Result "0-1"]
[WhiteElo "2427"]
[BlackElo "2609"]
[TimeControl "180+1"]
[EndTime "14:28:09 PDT"]
[Termination "Leo_C won on time"]

1. d4 Nf6 2. c4 e6 3. Nc3 d5 4.
cxd5 exd5 5. Bf4 Bd6 6. Bxd6 Qxd6 7. e3 c6 8. Bd3 Bg4 9. Qc2 Nbd7 10. Nge2 O-O 11. O-O Rfe8 12. Rab1 a5 13. a3 Nf8 14. b4 axb4 15. axb4 Ne4 16. Bxe4 dxe4 17. Ng3 Qg6 18.
b5 h5 19. bxc6 bxc6 20. Rb6 h4 21. Nge2 h3 22. Nf4 Qf5 23. Rxc6 hxg2 24. Rc1 Bf3 25. Rc5 Qh7 26. Rg5 Ra6 27. Ncd5 Rh6 28. h4 Kh8 29. h5 Bxh5 0-1

[Event "Late-Titled-Tuesday-Blitz-September-05-2023"]
[Site "Chess.com"]
[Date "2023.09.05"]
[Round "3"]
[White "valemava"]
[Black "only_strong_moves"]
[Result "0-1"]
[WhiteElo "2282"]
[BlackElo "2525"]
[TimeControl "180+1"]
[EndTime "14:28:09 PDT"]
[Termination "only_strong_moves won by checkmate"]

1. Nf3 Nf6 2. b4 e6 3. a3 d5 4.
Bb2 a5 5. b5 a4 6. e3 c6 7. d4 Bd6 8. c4 dxc4 9. Bxc4 O-O 10. bxc6 bxc6 11. O-O Ba6 12. Nbd2 Nbd7 13. Rc1 Qa5 14.
Bxa6 Qxa6 15. Nc4 Be7 16. Nce5 c5 17. Nxd7 Nxd7 18. d5 Rfb8 19. dxe6 Qxe6 20. Qc2 Rb3 21. Rfd1 Rab8 22. Bc3 Rxa3 23. Qd2 Nf8 24. Be5 Rd8 25. Qc2 Rxd1+ 26. Rxd1 Rb3 27. Bc3 a3 28. Nd2 Rb8 29.
Qa4 c4 30. Nxc4 Rc8 31. Rd4 Bf6 32. Nxa3 Rxc3 33. Rd1 h5 34. Nb5 Rc4 35. Qa7 Rc2 36.
h3 Qf5 37. e4 Qxb5 38. f4 Qe2 39. Rd2 Rxd2 40. Qf2 Qxf2+ 41. Kh1 Qxg2# 0-1

[Event "Late-Titled-Tuesday-Blitz-September-05-2023"]
[Site "Chess.com"]
[Date "2023.09.05"]
[Round "3"]
[White "as9killer2"]
[Black "DenizSeyhanoglu1"]
[Result "0-1"]
[WhiteElo "2628"]
[BlackElo "2324"]
[TimeControl "180+1"]
[EndTime "14:28:10 PDT"]
[Termination "DenizSeyhanoglu1 won on time"]

1. d3 g6 2. Nd2 Bg7 3. Ngf3 d5 4.
e4 e5 5. h4 h6 6. h5 g5 7. Be2 Ne7 8. Nh2 f5 9. exf5 Bxf5 10.
Bg4 O-O 11. O-O Nbc6 12. Bxf5 Nxf5 13. Ng4 Qd6 14. c4 Ncd4 15. cxd5 Qxd5 16. Ne4 Nh4 17. Be3 Rad8 18. Bxd4 Qxd4 19. Qb3+ Qd5 20. Qxd5+ Rxd5 21. Rfd1 Nf5 22. Rac1 c6 23. Kf1 Kf7 24. Ne3 Nxe3+ 25. fxe3 Ke6+ 26. Ke2 Rf7 27. g4 Bf8 28. Rf1 Rdd7 29.
Rxf7 Rxf7 30. Rf1 Rxf1 31. Kxf1 Be7 32. Ke2 Kd5 33. Kf3 b5 34. Ng3 Bf8 35. Nf5 a5 36.
Ke2 a4 37. Kd2 e4 38. Kc3 b4+ 39. Kc2 b3+ 40. axb3 axb3+ 41. Kc3 exd3 42. Kxd3 c5 43. e4+ Ke5 44. Ke3 c4 45. Ng3 Ba3 46. Nf5 Bxb2 47. Nxh6 c3 48. Nf7+ Kf6 0-1

[Event "Late-Titled-Tuesday-Blitz-September-05-2023"]
[Site "Chess.com"]
[Date "2023.09.05"]
[Round "3"]
[White "Schattman"]
[Black "antispeciesism"]
[Result "1-0"]
[WhiteElo "2410"]
[BlackElo "2046"]
[TimeControl "180+1"]
[EndTime "14:28:11 PDT"]
[Termination "Schattman won on time"]

1. d4 d5 2. Nf3 e6 3. g3 Nf6 4. Bg2 Be7 5. O-O O-O 6. c4 dxc4 7. Ne5 c5 8. dxc5 Na6 9. c6 Qc7 10. Nxc4 Nd5 11. e4 Nb6 12. cxb7 Bxb7 13. Na5 Rad8 14. Qe2 Nb4 15. Nxb7 Qxb7 16. Nc3 Nd3 17. Rd1 Nxc1 18. Raxc1 Rxd1+ 19. Rxd1 Bc5 20. Qb5 Qc7 21. h4 Nc4 22. Kf1 Bd6 23. Qb3 Rb8 24. Nb5 Qc6 25. Nxa7 Rxb3 26. Nxc6 Rxb2 27. e5 1-0